NYP
STATE COLLEGE SPIKES @ BOISE HAWKS
10/07/2045
 
TOP OF THE 1ST
San Jose Giants batting - Pitching for Pensacola Blue Wahoos : RHP Ragnar Alqvist
Pitching: RHP Ragnar Alqvist
Batting: LHB Josh Straub 0-0: Fly out, F7 (Line Drive, 7, EV 84.4 MPH)
Batting: RHB Hugo Zacarias 0-0: Ball
1-0: Called Strike
1-1: Ball
2-1: Ground out 3-1 (Groundball, 34S, EV 63.1 MPH)
Batting: LHB Nate Conley 0-0: Ball
1-0: Ground out 6-3 (Groundball, 4, EV 95.0 MPH)
Top of the 1st over - 0 runs, 0 hits, 0 errors, 0 left on base; San Jose 0 - Pensacola 0
BOTTOM OF THE 1ST
Pensacola Blue Wahoos batting - Pitching for San Jose Giants : RHP Josh Lister
Pitching: RHP Josh Lister
Batting: LHB Ryan Braden 0-0: Ball
1-0: Foul Ball, location: 2F
1-1: Foul Ball, location: 2F
1-2: SINGLE (Line Drive, 5D, EV 96.3 MPH)
Batting: RHB Willie Lazcano 0-0: Ball
1-0: Foul Ball, location: 2F
1-1: Ball
2-1: Swinging Strike
2-2: Foul Ball, location: 2F
2-2: Reached on error, E3 (Groundball, 3, EV 103.8 MPH)
Ryan Braden to second
Batting: SHB Freddie Farrar 0-0: Ball
1-0: Called Strike
1-1: Fielders Choice at 2nd, 4-6 (Groundball, 4, EV 85.6 MPH)
Ryan Braden to third
Batting: LHB Shawn Morrison 0-0: Called Strike
0-1: Swinging Strike
0-2: Ball
1-2: Strikes out looking
Batting: RHB Chase Briney 0-0: Called Strike
0-1: Ball
1-1: Ball
2-1: DOUBLE (Line Drive, 5D, EV 95.6 MPH)
Ryan Braden scores
Freddie Farrar to third
Runner from 3rd tries for Home, SAFE, no throw by LF
Batting: SHB Paul Sandoval 0-0: SINGLE (Flyball, 8RS, EV 91.3 MPH)
Chase Briney to third
Batting: RHB David Clough 0-0: Ball
1-0: Called Strike
1-1: Ball
2-1: Foul Ball, location: 2F
2-2: Strikes out swinging
Bottom of the 1st over - 2 runs, 3 hits, 1 error, 2 left on base; San Jose 0 - Pensacola 2
TOP OF THE 2ND
San Jose Giants batting - Pitching for Pensacola Blue Wahoos : RHP Ragnar Alqvist
Batting: RHB Nate Hodson 0-0: Called Strike
0-1: Called Strike
0-2: Strikes out looking
Batting: LHB Fred Arends 0-0: Ball
1-0: Called Strike
1-1: Ground out 1-3 (Groundball, 13S, EV 69.4 MPH)
Batting: SHB Bill Dooms 0-0: Foul Ball, location: 2F
0-1: Ball
1-1: Ball
2-1: Foul Ball, location: 2F
2-2: Foul Ball, location: 2F
2-2: Strikes out swinging
Top of the 2nd over - 0 runs, 0 hits, 0 errors, 0 left on base; San Jose 0 - Pensacola 2
BOTTOM OF THE 2ND
Pensacola Blue Wahoos batting - Pitching for San Jose Giants : RHP Josh Lister
Batting: RHB Danny Real 0-0: Hit by Pitch
Batting: RHB Yasusaburo Kuwahara 0-0: Ball
1-0: Foul Ball, location: 2F
1-1: Foul Ball, location: 2F
1-2: Strikes out looking
Batting: LHB Ryan Braden 0-0: Ball
Danny Real steals 2nd base
1-0: Ball
2-0: Called Strike
2-1: Foul Ball, location: 2F
2-2: Fly out, F8 (Line Drive, 8LM, EV 86.3 MPH)
Batting: RHB Willie Lazcano 0-0: Ball
1-0: Called Strike
1-1: Foul Ball, location: 2F
1-2: Ball
2-2: Strikes out swinging
Bottom of the 2nd over - 0 runs, 0 hits, 0 errors, 1 left on base; San Jose 0 - Pensacola 2
TOP OF THE 3RD
San Jose Giants batting - Pitching for Pensacola Blue Wahoos : RHP Ragnar Alqvist
Batting: LHB Juan Gonzalez 0-0: Foul Ball, location: 2F
0-1: Ball
1-1: Ball
2-1: Foul Ball, location: 2F
2-2: Ball
3-2: Foul Ball, location: 2F
3-2: Base on Balls
Batting: RHB Josh Lippens 0-0: Ball
Juan Gonzalez steals 2nd base
1-0: Ball
2-0: Called Strike
2-1: Foul Ball, location: 2F
2-2: Strikes out swinging
Batting: RHB Alex Guzman 0-0: Called Strike
0-1: Ball
1-1: Ball
2-1: Fly out, F7 (Line Drive, 7D, EV 95.6 MPH)
Runner from 2nd tags up, SAFE at 3rd, no throw by LF
Batting: LHB Josh Straub 0-0: Called Strike
0-1: Foul Ball, location: 2F
0-2: SINGLE (Groundball, 56D, EV 98.8 MPH)
Juan Gonzalez scores
Batting: RHB Hugo Zacarias 0-0: Swinging Strike
0-1: Fly out, F8 (Flyball, 8RXD, EV 82.5 MPH)
Top of the 3rd over - 1 run, 1 hit, 0 errors, 1 left on base; San Jose 1 - Pensacola 2
BOTTOM OF THE 3RD
Pensacola Blue Wahoos batting - Pitching for San Jose Giants : RHP Josh Lister
Batting: SHB Freddie Farrar 0-0: Called Strike
0-1: Ball
1-1: Ball
2-1: Swinging Strike
2-2: Strikes out swinging
Batting: LHB Shawn Morrison 0-0: Foul Ball, location: 2F
0-1: Ball
1-1: Foul Ball, location: 2F
1-2: Ball
2-2: Ball
3-2: SOLO HOME RUN (Flyball, 9LD, EV 93.1 MPH), Distance : 335 ft
Batting: RHB Chase Briney 0-0: Swinging Strike
0-1: Called Strike
0-2: Ball
1-2: Ball
2-2: Ball
3-2: Strikes out swinging
Batting: SHB Paul Sandoval 0-0: SINGLE (Line Drive, 4D, EV 95.6 MPH)
Batting: RHB David Clough 0-0: Called Strike
Paul Sandoval steals 2nd base (no throw)
0-1: Foul Ball, location: 2F
0-2: Ball
1-2: Strikes out swinging, 2-3 out at first.
Bottom of the 3rd over - 1 run, 2 hits, 0 errors, 1 left on base; San Jose 1 - Pensacola 3
TOP OF THE 4TH
San Jose Giants batting - Pitching for Pensacola Blue Wahoos : RHP Ragnar Alqvist
Batting: LHB Nate Conley 0-0: Ball
1-0: Ball
2-0: Swinging Strike
2-1: SINGLE (Groundball, 4MD, EV 96.9 MPH)
Batting: RHB Nate Hodson 0-0: Foul Ball, location: 2F
0-1: Foul Ball, location: 2F
0-2: Foul Ball, location: 2F
0-2: Foul Ball, location: 2F
0-2: Ball
1-2: Grounds into double play, 3-6-3 (Groundball, 34, EV 105.6 MPH)
Batting: LHB Fred Arends 0-0: Ground out 4-3 (Groundball, 4, EV 86.9 MPH)
Top of the 4th over - 0 runs, 1 hit, 0 errors, 0 left on base; San Jose 1 - Pensacola 3
BOTTOM OF THE 4TH
Pensacola Blue Wahoos batting - Pitching for San Jose Giants : RHP Josh Lister
Batting: RHB Danny Real 0-0: Ball
1-0: Ball
2-0: Ball
3-0: Called Strike
3-1: Swinging Strike
3-2: Base on Balls
Batting: RHB Yasusaburo Kuwahara 0-0: Ball
Danny Real is caught stealing 2nd base 2-4
1-0: Fly out, F8 (Flyball, 78M, EV 91.9 MPH)
Batting: LHB Ryan Braden 0-0: Ball
1-0: DOUBLE (Line Drive, 78D, EV 102.5 MPH)
Batting: RHB Willie Lazcano 0-0: Ball
1-0: Called Strike
1-1: Ball
2-1: Called Strike
2-2: Strikes out looking
Bottom of the 4th over - 0 runs, 1 hit, 0 errors, 1 left on base; San Jose 1 - Pensacola 3
TOP OF THE 5TH
San Jose Giants batting - Pitching for Pensacola Blue Wahoos : RHP Ragnar Alqvist
Batting: SHB Bill Dooms 0-0: Swinging Strike
0-1: Ball
1-1: Ground out 1-3 (Groundball, 13S, EV 67.5 MPH)
Batting: LHB Juan Gonzalez 0-0: Swinging Strike
0-1: Swinging Strike
0-2: Foul Ball, location: 2F
0-2: Ball
1-2: Ball
2-2: Ball
3-2: Strikes out swinging
Batting: RHB Josh Lippens 0-0: Ball
1-0: Ground out 4-3 (Groundball, 4S, EV 72.5 MPH)
Top of the 5th over - 0 runs, 0 hits, 0 errors, 0 left on base; San Jose 1 - Pensacola 3
BOTTOM OF THE 5TH
Pensacola Blue Wahoos batting - Pitching for San Jose Giants : RHP Josh Lister
Batting: SHB Freddie Farrar 0-0: Ground out 6-3 (Groundball, 6, EV 81.3 MPH)
Batting: LHB Shawn Morrison 0-0: Ball
1-0: Ball
2-0: Ground out 1-3 (Groundball, 13S, EV 70.0 MPH)
Batting: RHB Chase Briney 0-0: Ball
1-0: Foul Ball, location: 2F
1-1: Ball
2-1: Ball
3-1: Foul Ball, location: 2F
3-2: Strikes out looking
Bottom of the 5th over - 0 runs, 0 hits, 0 errors, 0 left on base; San Jose 1 - Pensacola 3
TOP OF THE 6TH
San Jose Giants batting - Pitching for Pensacola Blue Wahoos : RHP Ragnar Alqvist
Batting: RHB Alex Guzman 0-0: Swinging Strike
0-1: Ball
1-1: Foul Ball, location: 2F
1-2: Strikes out swinging
Batting: LHB Josh Straub 0-0: Ground out U3 (Groundball, 3, EV 104.4 MPH)
Batting: RHB Hugo Zacarias 0-0: Called Strike
0-1: Swinging Strike
0-2: Ball
1-2: Ball
2-2: Strikes out swinging
Top of the 6th over - 0 runs, 0 hits, 0 errors, 0 left on base; San Jose 1 - Pensacola 3
BOTTOM OF THE 6TH
Pensacola Blue Wahoos batting - Pitching for San Jose Giants : RHP Josh Lister
Batting: SHB Paul Sandoval 0-0: Ground out 4-3 (Groundball, 4M, EV 86.9 MPH)
Batting: RHB David Clough 0-0: Called Strike
0-1: Called Strike
0-2: Strikes out swinging
Batting: RHB Danny Real 0-0: Called Strike
0-1: Ball
1-1: Ball
2-1: Foul Ball, location: 2F
2-2: Foul Ball, location: 2F
2-2: Foul Ball, location: 2F
2-2: Foul Ball, location: 2F
2-2: Ground out 6-3 (Groundball, 56, EV 103.8 MPH)
Bottom of the 6th over - 0 runs, 0 hits, 0 errors, 0 left on base; San Jose 1 - Pensacola 3
TOP OF THE 7TH
San Jose Giants batting - Pitching for Pensacola Blue Wahoos : RHP Ragnar Alqvist
Batting: LHB Nate Conley 0-0: Ground out 5-3 (Groundball, 6, EV 77.5 MPH)
Batting: RHB Nate Hodson 0-0: Foul Ball, location: 2F
0-1: SINGLE (Groundball, 6MD, EV 97.5 MPH)
Batting: LHB Fred Arends 0-0: Called Strike
0-1: Called Strike
0-2: Ball
Nate Hodson steals 2nd base
1-2: Ball
2-2: Strikes out swinging
Batting: SHB Bill Dooms 0-0: Ball
1-0: Called Strike
1-1: Swinging Strike
1-2: Ball
2-2: Ball
3-2: Foul Ball, location: 2F
3-2: Base on Balls
Batting: LHB Juan Gonzalez 0-0: Foul Ball, location: 2F
0-1: Called Strike
0-2: Foul Ball, location: 2F
0-2: Ball
1-2: Foul Ball, location: 2F
1-2: Ball
2-2: Foul Ball, location: 2F
2-2: Ball
3-2: Fly out, F8 (Flyball, 8LD, EV 94.4 MPH)
Top of the 7th over - 0 runs, 1 hit, 0 errors, 2 left on base; San Jose 1 - Pensacola 3
BOTTOM OF THE 7TH
Pensacola Blue Wahoos batting - Pitching for San Jose Giants : RHP Josh Lister
Pitching: RHP Luis Herrera
Batting: RHB Yasusaburo Kuwahara 0-0: Called Strike
0-1: Swinging Strike
0-2: Strikes out swinging
Batting: LHB Ryan Braden 0-0: Called Strike
0-1: Ball
1-1: Ball
2-1: Ball
3-1: Called Strike
3-2: Foul Ball, location: 2F
3-2: SINGLE (Groundball, 34S, EV 67.5 MPH) (infield hit)
Batting: RHB Willie Lazcano 0-0: Called Strike
0-1: Ball
Ryan Braden steals 2nd base
1-1: Foul Ball, location: 2F
1-2: Ball
2-2: Foul Ball, location: 2F
2-2: Strikes out swinging
Batting: SHB Freddie Farrar 0-0: Ball
1-0: Ball
2-0: Foul Ball, location: 2F
2-1: Ball
3-1: Foul Ball, location: 2F
3-2: Foul Ball, location: 2F
3-2: Foul Ball, location: 2F
3-2: Strikes out swinging
Bottom of the 7th over - 0 runs, 1 hit, 0 errors, 1 left on base; San Jose 1 - Pensacola 3
TOP OF THE 8TH
San Jose Giants batting - Pitching for Pensacola Blue Wahoos : RHP Ragnar Alqvist
Batting: RHB Josh Lippens 0-0: Ball
1-0: Called Strike
1-1: Ball
2-1: Ball
3-1: Foul Ball, location: 2F
3-2: Ground out 5-3 (Groundball, 5S, EV 78.1 MPH)
Pinch Hitting: LHB Dave Talbert 0-0: Ball
1-0: Foul Ball, location: 2F
1-1: Foul Ball, location: 2F
1-2: Foul Ball, location: 2F
1-2: DOUBLE (Line Drive, 89D, EV 101.9 MPH)
Pitching: LHP Logan Moultry
Batting: LHB Josh Straub 0-0: Ball
1-0: Called Strike
1-1: Foul Ball, location: 2F
1-2: Fly out, F3 (Popup, 3, EV 68.8 MPH)
Batting: RHB Hugo Zacarias 0-0: Called Strike
0-1: Ground out 6-3 (Groundball, 56, EV 85.0 MPH)
Top of the 8th over - 0 runs, 1 hit, 0 errors, 1 left on base; San Jose 1 - Pensacola 3
BOTTOM OF THE 8TH
Pensacola Blue Wahoos batting - Pitching for San Jose Giants : RHP Luis Herrera
Pitching: LHP Chris Moris
Now at 3B: Alfredo Lemus
Batting: LHB Shawn Morrison 0-0: Foul Ball, location: 2F
0-1: DOUBLE (Line Drive, 5D, EV 105.6 MPH)
Batting: RHB Chase Briney 0-0: Called Strike
0-1: Ball
1-1: Foul Ball, location: 2F
1-2: Strikes out swinging
Batting: SHB Paul Sandoval 0-0: Ball
1-0: Swinging Strike
1-1: Called Strike
1-2: Ball
2-2: Strikes out looking
Batting: RHB David Clough 0-0: Ball
1-0: Swinging Strike
1-1: Swinging Strike
1-2: Strikes out swinging
Bottom of the 8th over - 0 runs, 1 hit, 0 errors, 1 left on base; San Jose 1 - Pensacola 3
TOP OF THE 9TH
San Jose Giants batting - Pitching for Pensacola Blue Wahoos : LHP Logan Moultry
Batting: LHB Nate Conley 0-0: Foul Ball, location: 2F
0-1: Called Strike
0-2: Ball
1-2: Strikes out swinging
Batting: RHB Nate Hodson 0-0: Ball
1-0: Ball
2-0: Swinging Strike
2-1: SINGLE (Line Drive, 34, EV 95.6 MPH)
Pinch Hitting: RHB John Shaffer 0-0: Called Strike
0-1: Ball
1-1: Foul Ball, location: 2F
1-2: Ball
2-2: Ball
3-2: Fly out, F8 (Flyball, 8RS, EV 78.1 MPH)
Batting: SHB Bill Dooms 0-0: Ball
1-0: Ball
2-0: Called Strike
2-1: Ball
3-1: Base on Balls
Nate Hodson to second
Batting: LHB Juan Gonzalez 0-0: Foul Ball, location: 2F
0-1: Ball
1-1: Ball
2-1: Called Strike
2-2: Ball
3-2: Strikes out swinging
Top of the 9th over - 0 runs, 1 hit, 0 errors, 2 left on base; San Jose 1 - Pensacola 3
Wednesday, June 22nd , 2022 - OOTP Baseball 23.4 Build 64